[Event "New York Spring IM-C 2022"]
[Site "New York"]
[Date "2022.04.15"]
[Round "1.1"]
[White "Rozman, Levy"]
[Black "Singh, Hersh"]
[Result "1-0"]
[ECO "D00"]
[WhiteElo "2334"]
[BlackElo "2084"]
[Annotator "TA"]
[PlyCount "109"]
[EventDate "2022.04.14"]
[EventType "tourn"]
[EventCountry "USA"]
[SourceTitle "playchess.com"]
[Source "ChessBase"]
[SourceQuality "1"]
[TimeControl "5400+30"]

1. d4 Nf6 2. Nc3 d5 3. Bf4 c5 4. e4 dxe4 5. dxc5 Qxd1+ ({Black should play} 5... Bd7 $11) 6. Rxd1 $14 {[%emt 0:00:06] D00: 1 d4 d5: Unusual lines.} Bd7 {[%emt 0:07:02] [#]} 7. f3 $146 {[%emt 0:07:49] &Bianco is more active.} (7. Nb5 $1 $16 {[%cal Rb5c7] Strongly threatening Nc7+.} Bxb5 8. Bxb5+ Nc6 9. Ne2) ({Predecessor:} 7. Nge2 g6 8. Ng3 Bg7 9. Be2 Nc6 10. O-O O-O 11. Ngxe4 Nxe4 12. Nxe4 Bf5 13. Ng3 Bxc2 {0-1 (37) Fiorito,F (2357)-Golubev,M (2461) Chess.com INT 2022}) 7... Nc6 8. Nxe4 {[%emt 0:03:15] The position is equal.} Nxe4 9. fxe4 e5 10. Be3 Nd4 11. Bxd4 exd4 12. Rxd4 Bxc5 13. Rd2 O-O-O 14. Bc4 Rhe8 15. Bxf7 $2 (15. Re2 $11) 15... Rxe4+ $19 16. Re2 Bg4 $2 {[%emt 0:20:23] This bishop pair is nice.} (16... Rf4 $19 17. Bb3 Bb5) 17. Nf3 $132 {[%emt 0:01:40][%mdl 2048] White is fighting back} Bxf3 18. gxf3 Red4 19. Kf1 $1 Rd2 20. Bc4 Rd1+ 21. Kg2 Rxh1 22. Kxh1 $14 {[%emt 0:00:06][%mdl 4096] Endgame KRB-KRB} Rd1+ 23. Kg2 Rg1+ 24. Kh3 Bd4 25. Re7 Bf6 26. Be6+ Kb8 27. Rf7 Re1 28. Bf5 Re7 29. Rxe7 Bxe7 30. Bxh7 $16 {[%emt 0:00:07] KB-KB} Bf6 31. b3 Be5 32. Kg2 Kc7 33. h4 b5 {[%emt 0:00:52] [#]} (33... Kd6 $16) 34. c4 $1 $18 bxc4 (34... Kd6 $16 35. cxb5 Kd5) 35. bxc4 {[%emt 0:00:02] aiming for h5.} Kd6 {[%emt 0:00:09] [#]} 36. Kh3 $1 {[%emt 0:00:10] Black must now prevent h5.} Ke6 $2 (36... Bf4 37. Kg4 Ke5) 37. Kg4 Kf6 38. f4 Bc7 39. Kf3 g6 $2 (39... Ba5 40. Ke4 Be1) 40. Bg8 Kf5 41. Bd5 (41. c5 $142 Bd8 42. c6) 41... Bxf4 42. Be4+ Ke5 43. Bxg6 Bc1 44. h5 $2 (44. Be8 Ba3 45. h5) 44... Kd4 (44... Bh6 45. Bf7 Bf8) 45. Bf7 Ke5 46. c5 {[%emt 0:00:34][%cal Bc4c5,Bc5c6][%mdl 32] Intending c6 and mate.} a5 47. c6 Kd6 {[%emt 0:00:02] [#]} 48. Bd5 $1 a4 (48... Ke7 49. Kg4) 49. Ke4 {[%emt 0:00:05] White mates.} a3 {[%emt 0:00:03] [#]} 50. Kf5 $1 Bb2 {[%emt 0:00:25] [#]} 51. Kg6 $1 Be5 52. Be4 Ke7 53. h6 Bd4 54. Kh7 Be5 55. Kg8 {[%emt 0:00:06] Never resign too early!  Weighted Error Value: White=0.42/Black=0.71} 1-0

[Event "New York Spring IM-C 2022"]
[Site "New York"]
[Date "2022.04.15"]
[Round "1.3"]
[White "Dolgitser, Konstantin"]
[Black "Umayan, Vincent"]
[Result "1/2-1/2"]
[ECO "E15"]
[WhiteElo "2199"]
[BlackElo "2043"]
[Annotator "TA"]
[PlyCount "47"]
[EventDate "2022.04.14"]
[EventType "tourn"]
[EventCountry "USA"]
[SourceTitle "playchess.com"]
[Source "ChessBase"]
[SourceQuality "1"]
[TimeControl "5400+30"]

1. d4 Nf6 2. Nf3 e6 3. c4 b6 4. g3 Ba6 5. b3 Bb4+ 6. Bd2 Be7 7. Bg2 d5 8. Nc3 O-O 9. cxd5 exd5 10. O-O Bb7 11. Ne5 $1 {[%emt 0:06:40][%mdl 4] is currently scoring better than 11.Qc2.} Nbd7 12. Bf4 {[%emt 0:07:30] E15: Queen's Indian: 4 g3 sidelines, 4 g3 Ba6 and 4 g3 Bb7 early deviations.} Re8 13. a3 {[%emt 0:05:28] [#]} Bd6 $146 ({Predecessor:} 13... Nf8 14. b4 Ne6 15. Be3 Ne4 16. Bxe4 dxe4 17. d5 Bf6 18. Nxf7 Qe7 19. dxe6 Bxc3 {0-1 (34) Stefansson,V (2371)-Bosiocic,M (2610) Reykjavik 2021}) 14. Nxd7 {[%emt 0:19:33] White has an edge.} Qxd7 15. Bxd6 Qxd6 16. b4 a5 17. Qb3 Ne4 {[%emt 0:12:52] The position is equal.} 18. Nxe4 dxe4 19. e3 Bd5 20. Qc3 axb4 21. axb4 h6 22. Rfc1 Rxa1 23. Rxa1 Ra8 24. Rxa8+ {[%emt 0:00:00] Not much happened in this game.  Weighted Error Value: White=0.06 (flawless) /Black=0.05 (flawless)} 1/2-1/2

[Event "New York Spring IM-C 2022"]
[Site "New York"]
[Date "2022.04.15"]
[Round "1.4"]
[White "Antova, Gabriela"]
[Black "Jakovljevic, Vlado"]
[Result "0-1"]
[ECO "D37"]
[WhiteElo "2304"]
[BlackElo "2352"]
[Annotator "TA"]
[PlyCount "106"]
[EventDate "2022.04.14"]
[EventType "tourn"]
[EventCountry "USA"]
[SourceTitle "playchess.com"]
[Source "ChessBase"]
[SourceQuality "1"]
[TimeControl "5400+30"]

1. d4 d5 2. c4 e6 3. Nf3 Nf6 4. Nc3 Be7 5. Bf4 O-O 6. e3 b6 7. cxd5 Nxd5 8. Nxd5 exd5 9. Bd3 c5 10. O-O Nc6 11. Rc1 c4 12. Bb1 Be6 {[%emt 0:00:25] [#] D37: Queen's Gambit Declined: 5 Bf4.} 13. Qe2 $146 ({Predecessor:} 13. Qa4 Qd7 14. b3 a6 15. bxc4 dxc4 16. Qc2 g6 17. Rfd1 Nb4 18. Qb2 Nd5 19. Ne5 {1-0 (27) Shaposhnikov,E (2557)-Lugovskoy,M (2436) Sochi 2016}) 13... Qd7 14. e4 b5 {[%emt 0:07:32] Black is slightly better.} 15. Rcd1 Rfe8 16. Ng5 (16. a3 $15) 16... Bxg5 $17 17. Bxg5 {[%emt 0:00:10] [#]} Bf5 $1 18. f3 f6 19. Bh4 dxe4 {[%emt 0:00:00] &Nero is more active.} 20. Bxe4 Nb4 ({But not} 20... Nxd4 21. Qf2 Bxe4 22. Rxd4 $16) 21. a3 (21. Qd2 $17 Bxe4 22. Qxb4) 21... Nd3 {[%emt 0:00:00] Threatens to win with ...Bxe4.} 22. Bf2 Bxe4 23. fxe4 Qc6 24. e5 fxe5 25. dxe5 Rxe5 $40 {[%emt 0:00:00][%mdl 128] Black is out for blood.} 26. Qg4 Re4 27. Qg3 Qe6 28. h3 a6 29. Ba7 h6 30. b3 (30. Kh2 $142) 30... Kh7 $19 31. bxc4 bxc4 ({Stronger than} 31... Rxa7 32. Rxd3 (32. Qxd3 bxc4 33. Qb1 Re7 $17) 32... bxc4 33. Rd6 $17) 32. Qc7 Rc8 33. Qb7 Qc6 34. Qxc6 Rxc6 35. Rf7 $2 {[%emt 0:00:43] [#]} (35. Rd2) 35... c3 $1 36. Rxd3 {[%emt 0:00:19] Black must now prevent Rd1.} c2 {[%emt 0:00:00] Against Rd1} 37. Rf1 {[%emt 0:00:16] Prevents Re1. And now Rc1 would win.} c1=Q 38. Rxc1 Rc5 39. Rc2 $4 Rxc2 {[%emt 0:00:00][%mdl 4096] Endgame KRR-KRB} 40. Kh2 g6 41. Bd4 g5 42. Bc3 Re6 43. h4 (43. Ba5 {was worth a try.}) 43... gxh4 {[%emt 0:00:00] Hoping for ...Rce2.} 44. Rd7+ Kg6 45. Bd4 Rd2 46. Rg7+ Kh5 47. Bc3 Rc2 48. Bb4 Rg6 49. Rxg6 Kxg6 50. Kh3 Kh5 51. Be1 Rb2 52. Bb4 Rb3+ 53. Kh2 Kg4 {[%emt 0:00:00] Black used his chance.  Weighted Error Value: White=0.68/Black=0.11 (very precise)} 0-1

[Event "New York Spring IM-C 2022"]
[Site "New York"]
[Date "2022.04.15"]
[Round "2.1"]
[White "Lee, Justin"]
[Black "Jakovljevic, Vlado"]
[Result "1/2-1/2"]
[ECO "E20"]
[WhiteElo "2104"]
[BlackElo "2352"]
[Annotator "TA"]
[PlyCount "60"]
[EventDate "2022.04.14"]
[EventType "tourn"]
[EventCountry "USA"]
[SourceTitle "playchess.com"]
[Source "ChessBase"]
[SourceQuality "1"]
[TimeControl "5400+30"]

1. d4 Nf6 2. c4 e6 3. Nc3 Bb4 4. f3 c5 5. d5 b5 6. e4 {[%emt 0:00:10] E20: Nimzo-Indian: 4 g3 and 4 f3.} d6 $1 {[%emt 0:00:10][%mdl 4] outshines the older 6...bxc4.} 7. Bd2 a6 8. cxb5 (8. a4 $11) 8... exd5 $15 9. Nxd5 Nxd5 10. exd5 {[%emt 0:00:10] [#]} O-O $146 ({Predecessor:} 10... Bxd2+ 11. Qxd2 O-O 12. Bd3 Re8+ 13. Ne2 c4 14. Bc2 Qh4+ 15. g3 Qh3 16. O-O-O axb5 {1-0 (45) Tsvetkov,A (2395)-Berdayes Ason,D (2445) Chess.com INT 2020}) 11. Bxb4 {[%emt 0:09:45] [#] Threatens to win with Bc3.} Qh4+ (11... Re8+ $1 $15 12. Ne2 cxb4) 12. g3 $11 Re8+ 13. Ne2 Qxb4+ 14. Qd2 Qxb5 15. Kf2 Nd7 16. Nc3 Qb4 17. Rd1 Nf6 18. b3 Bd7 19. Bc4 Qb6 (19... Bb5 $5 ) 20. g4 Bb5 21. Qd3 Nd7 22. f4 Nf6 23. Kf3 Bd7 24. h3 g6 (24... h5 $5 25. g5 Nh7 $11) 25. Rhe1 a5 26. Bb5 Rxe1 27. Rxe1 Bxb5 28. Qxb5 Qxb5 29. Nxb5 Nxd5 30. Nxd6 Nb4 {[%emt 0:07:21] Weighted Error Value: White=0.10 (very precise) /Black=0.12 (very precise)} 1/2-1/2

[Event "New York Spring IM-C 2022"]
[Site "New York"]
[Date "2022.04.15"]
[Round "2.2"]
[White "Umayan, Vincent"]
[Black "Antova, Gabriela"]
[Result "0-1"]
[ECO "D10"]
[WhiteElo "2043"]
[BlackElo "2304"]
[Annotator "TA"]
[PlyCount "34"]
[EventDate "2022.04.14"]
[EventType "tourn"]
[EventCountry "USA"]
[SourceTitle "playchess.com"]
[Source "ChessBase"]
[SourceQuality "1"]
[TimeControl "5400+30"]

1. d4 d5 2. c4 c6 3. cxd5 cxd5 4. Nc3 Nc6 5. Bf4 e5 6. Bxe5 {[%emt 0:06:38] D10: Slav Defence: 3 cxd5 (without early Nf3) and 3 Nc3.} Nxe5 7. dxe5 d4 8. Qa4+ (8. Ne4 $11 {remains equal.}) 8... b5 $1 $17 (8... Qd7 $2 9. Nb5 $18) 9. Nxb5 {[%emt 0:19:38] Nc7+ would kill now.} ({Not} 9. Qxb5+ $2 Bd7 10. Qd5 dxc3 11. bxc3 Qc8 $19) 9... Bd7 {[%emt 0:00:09] Hoping for ...a6.} 10. O-O-O a6 $1 11. Qxd4 {[%emt 0:02:36] [#] And now Nc3 would win.} Bxb5 $146 (11... axb5 $17 12. e3 Bc5 $1 13. Qxd7+ (13. Qxc5 $2 Rc8 $19) 13... Qxd7 14. Rxd7 Kxd7 15. Bxb5+ Kc7) ({Predecessor:} 11... axb5 12. Kb1 Bf5+ 13. e4 Bxe4+ 14. Ka1 Qxd4 15. Rxd4 Bc6 16. Nf3 Bc5 17. Rd2 Rd8 18. Rxd8+ Kxd8 {0-1 (30) Jaeger,A (2061)-Brauer,C (2171) Berlin 2003}) 12. Nf3 {[%emt 0:04:00] Now White is beyond hope.} (12. Qxd8+ $15 Rxd8 13. Rxd8+ Kxd8 14. Nf3) 12... Rc8+ $19 13. Kb1 {[%emt 0:00:09] [#]} Qc7 $1 $40 {[%emt 0:03:24][%mdl 128] ( -> ...Qc2+). Black wants a kill. Chess con chili.} 14. Qe4 {[%emt 0:01:04] Prevents Qc2+.} (14. a3 {is a better defense.}) 14... Bc6 15. Qd3 Ba4 {[%emt 0:02:11] aiming for ...Bc2+.} 16. b3 Bb5 17. Qd2 {[%emt 0:02:02] [#]} Bb4 $1 {[%emt 0:01:15][%mdl 512] Weighted Error Value: White=0.53/Black=0.04 (flawless)} 0-1

[Event "New York Spring IM-C 2022"]
[Site "New York"]
[Date "2022.04.15"]
[Round "2.3"]
[White "Ngo, Bach"]
[Black "Dolgitser, Konstantin"]
[Result "1-0"]
[ECO "D45"]
[WhiteElo "2306"]
[BlackElo "2199"]
[Annotator "TA"]
[PlyCount "67"]
[EventDate "2022.04.14"]
[EventType "tourn"]
[EventCountry "USA"]
[SourceTitle "playchess.com"]
[Source "ChessBase"]
[SourceQuality "1"]
[TimeControl "5400+30"]

1. d4 d5 2. Nf3 Nf6 3. c4 c6 4. Nc3 e6 5. e3 Nbd7 6. Qc2 Bd6 7. b3 O-O 8. Be2 Qe7 9. O-O b6 10. Bb2 Bb7 11. Rad1 Rad8 12. Rfe1 Rfe8 13. g3 {[%emt 0:01:03] D45: Semi-Slav: 5 e3.} Bb4 {[%emt 0:05:07] now supersedes 13...c5.} 14. a3 Bxc3 (14... Bxa3 15. Bxa3 Qxa3 16. Ra1 $16) 15. Qxc3 {[%emt 0:00:39] The position is equal.} c5 {[%emt 0:00:30] [#]} 16. dxc5 $146 ({Predecessor:} 16. Qc2 cxd4 17. exd4 Rc8 18. Nd2 Qd6 19. Bf3 Qb8 20. Qd3 Qa8 21. Be2 e5 22. dxe5 Nxe5 {1-0 (34) Caruana,F (2820)-Grischuk,A (2776) chess24.com INT 2021}) 16... Nxc5 17. Nd2 e5 18. Nf3 {[%emt 0:10:37] Prevents d4.} (18. cxd5 $15 Rxd5 19. Qc2) 18... Ncd7 ({And not} 18... dxc4 19. Qxc4 Bd5 20. Qb4 $15) ({Black should try} 18... Ng4 $1 $17 {Strongly threatening ...Ne4.} 19. Rf1 Ne4) 19. cxd5 $11 Rc8 20. d6 Rxc3 (20... Qe6 $1 $17 21. Qb4 (21. Ng5 $2 Qf5 $19) 21... a5) 21. dxe7 Rxb3 22. Nxe5 Rxe7 23. Nc4 Bd5 (23... Ba6 $11 {remains equal.}) 24. Rd2 $1 $16 Be6 {[%emt 0:03:03] [#]} 25. Nd6 {[%emt 0:01:29] Inhibits Ne4.} Nc5 {[%emt 0:03:55] [#]} 26. Nb5 $1 Na4 $2 {[%emt 0:05:00][%mdl 8192] A mistake that costs the game.} (26... Nce4 $16 {is a better chance.} 27. Rc2 Bf5) 27. Rd8+ $18 {[%emt 0:01:49] White is clearly winning.} Ne8 28. Be5 {[%emt 0:00:45] Hoping for Bd6. A strong pair of Bishops.} f6 29. Bd6 Kf7 30. Bxe7 Kxe7 31. Ra8 a5 (31... Nc3 $142 32. Rxa7+ Kf8 33. Nxc3 Rxc3) 32. Nd4 Nc7 33. Ra7 Rc3 34. Nb5 {[%emt 0:00:26] Weighted Error Value: White=0.21 (precise) /Black=0.70} 1-0

[Event "New York Spring IM-C 2022"]
[Site "New York"]
[Date "2022.04.15"]
[Round "2.4"]
[White "Singh, Hersh"]
[Black "Chasin, Nico"]
[Result "0-1"]
[ECO "A47"]
[WhiteElo "2084"]
[BlackElo "2270"]
[Annotator "TA"]
[PlyCount "84"]
[EventDate "2022.04.14"]
[EventType "tourn"]
[EventCountry "USA"]
[SourceTitle "playchess.com"]
[Source "ChessBase"]
[SourceQuality "1"]
[TimeControl "5400+30"]

1. d4 Nf6 2. Bf4 e6 3. e3 b6 4. Nf3 Bb7 5. Bd3 d6 6. O-O {[%emt 0:04:40] A47: 1 d4 Nf6 2 Nf3 b6: Torre, London and Colle Systems.} Nbd7 7. h3 Qe7 {[%emt 0:00:27] Threatens to win with ...e5.} 8. Bh2 {[%emt 0:00:24] White is slightly better.} g6 9. c4 e5 {[%emt 0:01:20] Strongly threatening ...e4.} 10. Bc2 Bg7 11. Nc3 O-O {[%emt 0:00:28] [#]} 12. d5 $146 ({Predecessor:} 12. Re1 Ne8 13. e4 Qf6 14. Nd5 Qd8 15. g4 c6 16. Nc3 exd4 17. Nxd4 Ne5 18. Qe2 {1-0 (44) Zhou,J (1692)-Gao,L (1509) Toronto 2018}) 12... c6 13. dxc6 Bxc6 14. Nd2 d5 15. cxd5 Nxd5 16. Nxd5 Bxd5 17. Be4 Qe6 18. Bxd5 Qxd5 19. e4 Qe6 20. Nb1 Nc5 21. Nc3 Rad8 22. Qe2 Rd4 23. f3 f5 24. Kh1 Qc4 25. Rfe1 Nd3 26. Red1 {[%emt 0:01:36] [#] Loses the game.} (26. Rf1 $1 $11 {and White has nothing to worry.}) 26... fxe4 $1 $19 27. Nxe4 {[%emt 0:01:05] [#]} (27. Bg1 {is tougher.} exf3 28. gxf3) 27... Rxe4 $1 28. Qxd3 {[%emt 0:02:37] [#]} (28. Qf1 Rd4) 28... Re1+ 29. Rxe1 Qxd3 30. Rad1 Qc2 31. Rd7 Qa4 32. Rc7 Qxa2 33. Rd1 Qxb2 34. Rdd7 {[%emt 0:00:17] [#]} e4 $1 35. fxe4 (35. Rxg7+ Qxg7) 35... Rf1+ {[%emt 0:00:09] Black mates.} 36. Bg1 {[%emt 0:00:01] [#]} Qa1 $1 37. Rxg7+ Qxg7 38. Rxg7+ Kxg7 39. Kh2 {[%emt 0:00:01] [#]} Rxg1 $1 40. Kxg1 {[%emt 0:00:08] KP-KP} Kf6 41. Kf2 Ke5 42. Ke3 b5 {[%emt 0:00:05] Weighted Error Value: White=0.56/Black=0.04 (flawless)} 0-1

[Event "New York Spring IM-C 2022"]
[Site "New York"]
[Date "2022.04.15"]
[Round "2.5"]
[White "Berczes, David"]
[Black "Rozman, Levy"]
[Result "1-0"]
[ECO "D02"]
[WhiteElo "2452"]
[BlackElo "2334"]
[Annotator "TA"]
[PlyCount "93"]
[EventDate "2022.04.14"]
[EventType "tourn"]
[EventCountry "USA"]
[SourceTitle "playchess.com"]
[Source "ChessBase"]
[SourceQuality "1"]
[TimeControl "5400+30"]

1. Nf3 d5 2. g3 Nc6 3. d4 Bf5 4. Bg2 Nb4 5. Na3 e6 6. O-O Be7 7. c3 {[%emt 0:19:35] D02: 1 d4 d5 2 Nf3 sidelines, including 2...Nf6 3 g3 and 2...Nf6 3 Bf4.} Nc6 8. Nc2 h5 {[%emt 0:07:03] [#]} 9. Ne5 $146 {[%emt 0:29:05] White has an edge.} ({Predecessor:} 9. h4 Nf6 10. Ng5 Qd7 11. Ne3 Bg6 12. c4 O-O-O 13. cxd5 Nxd5 14. Nxd5 exd5 15. Qa4 f6 {½-½ (15) Petrov,N (2566)-Bifulco,M (2252) Bratto 2017}) 9... h4 10. Ne3 hxg3 (10... Nxe5 {keeps more tension.} 11. Nxf5 exf5 12. dxe5 c6) 11. hxg3 Nxe5 12. Nxf5 exf5 13. dxe5 {[%emt 0:00:05] Black must now prevent Qb3.} c6 14. c4 dxc4 15. Qc2 Qd7 16. e4 fxe4 17. Qxc4 f5 18. Be3 {[%emt 0:02:18] [#] And now Rad1 would win.} Qd5 19. Qxd5 cxd5 20. Rfd1 Rd8 21. Bf1 {[%emt 0:01:27][%mdl 1024] White has compensation.} a6 (21... Nh6 $11) 22. Rac1 $1 $36 {[%emt 0:00:54][%mdl 2048] White has good play.} Nh6 23. Bb6 {[%emt 0:00:28] &Bianco is more active.} Rd7 {[%emt 0:06:59][%mdl 8192] Loses the game.} (23... Rb8 $14) 24. e6 $18 Rd6 25. Rc8+ {[%emt 0:00:04][%mdl 64] [#] Skewer} Bd8 26. Bc7 Ke7 27. Bxd6+ Kxd6 28. Bc4 Kxe6 29. Rxd5 Ke7 30. Rb8 b5 (30... g6 $142 31. Rxb7+ Kf6 32. Bxa6 Re8) 31. Bb3 {[%emt 0:00:23] White wants to mate with Rb7+.} g6 32. Rb7+ Kf6 33. Rd6+ Kg5 34. Rb8 Bf6 35. Rbb6 Rf8 36. Bd1 Ng8 37. Rxa6 Ne7 38. b4 Bc3 39. a3 f4 40. Re6 Rd8 41. gxf4+ Kxf4 42. Rxe7 Rxd1+ {[%emt 0:00:06] KRR-KRB} 43. Kg2 g5 44. Rae6 Ra1 45. Rf7+ Kg4 46. Rxe4+ Kh5 47. Re3 {[%emt 0:01:09] Weighted Error Value: White=0.24 (precise) /Black=0.70} (47. Re6 $142 Bd2 48. f3) 1-0

[Event "New York Spring IM-C 2022"]
[Site "New York"]
[Date "2022.04.16"]
[Round "3.1"]
[White "Rozman, Levy"]
[Black "Lee, Justin"]
[Result "1-0"]
[ECO "A20"]
[WhiteElo "2334"]
[BlackElo "2104"]
[Annotator "TA"]
[PlyCount "113"]
[EventDate "2022.04.14"]
[EventType "tourn"]
[EventCountry "USA"]
[SourceTitle "playchess.com"]
[Source "ChessBase"]
[SourceQuality "1"]
[TimeControl "5400+30"]

1. c4 e5 2. g3 c6 3. d4 e4 4. a3 d5 5. Nc3 h6 6. Bg2 {[%emt 0:00:23] A20: English Opening: 1...e5.} Nf6 7. f3 {[%emt 0:00:30] [#]} Bf5 $146 (7... exf3 $1 $11 8. Nxf3 dxc4) ({Predecessor:} 7... exf3 8. Nxf3 Be7 9. O-O O-O 10. Nh4 dxc4 11. e4 Bg4 12. Bf3 Bh3 13. Bg2 Bg4 {0-1 (59) Niemann,H (2642)-Esipenko,A (2714) chess24.com INT 2022}) 8. fxe4 {[%emt 0:02:49] White is slightly better.} dxe4 9. Nh3 g6 10. Bf4 Bg7 11. Qd2 Qe7 12. c5 Qe6 $1 13. Nf2 Nbd7 ({Better is} 13... g5 $1 $15 14. Be3 Na6) 14. g4 $1 $36 {[%emt 0:04:11][%mdl 2048] White has some pressure.} Bxg4 15. Ncxe4 Nxe4 16. Nxe4 O-O $1 17. Bxh6 Bxh6 18. Qxh6 Nf6 $1 19. Nc3 Rad8 20. O-O-O Rfe8 21. Rhf1 (21. Rd2 $14) 21... Bxe2 $17 22. Rde1 (22. Nxe2 $15 Qxe2 23. Qf4 Qxg2 24. Qxf6) 22... Bxf1 $19 ({Don't take} 22... Ng4 23. Qd2 Ne3 24. Rf2 $18 (24. Qxe2 Nxf1 25. Qxe6 Rxe6 $11)) 23. Rxe6 Rxe6 24. Bxf1 {[%emt 0:00:53] Black must now prevent Bc4.} Re1+ 25. Kc2 Rxf1 26. Qe3 Re8 27. Qg3 Re7 {[%emt 0:01:56] Prevents Qc7.} 28. Qb8+ Kg7 29. Qxa7 Rf2+ 30. Kb3 {[%emt 0:00:10][%cal Od4d5] [#]} Rxh2 $2 (30... Rd2 $1 $19 31. Qa4 Rd7) 31. d5 $1 $11 {[%emt 0:00:29] And now dxc6 would win.} Rd7 (31... cxd5 $2 32. c6 d4 {[#]} 33. cxb7 $1 dxc3 34. bxc3 $18) ({Resist} 31... Nxd5 32. Nxd5 Ree2 33. Nb4 $16) 32. d6 g5 (32... Rh5 $11) 33. Ka2 $1 $14 {[%emt 0:00:07][%mdl 1024] White has compensation.} g4 $2 {[%emt 0:00:16] White stays focused until the end.} (33... Rh4 $1 $11 {and Black is okay.}) 34. Qa4 $18 Rd8 $2 (34... Rh6) 35. Qf4 Rh5 {[%emt 0:00:30] Inhibits Qg5+.} 36. Ne4 Nxe4 37. Qxg4+ Rg5 38. Qxe4 {[%mdl 4096] Endgame Strongly threatening Qe7. KQ-KRR} Kh6 (38... Rf8 $142 39. Qe7 Rxc5 40. Qxb7 Rb5 41. Qxc6 Rbb8) 39. Qe7 Rgg8 40. Qf6+ (40. Qxb7 $142 Kg7 41. Qxc6) 40... Kh7 41. Qxf7+ Rg7 42. Qh5+ Kg8 43. Qf5 Rdd7 44. Qe6+ Kf8 45. a4 {aiming for a5.} Rh7 46. a5 Rhf7 47. Qe4 (47. a6 $142 bxa6 48. Qe4) 47... Rd8 48. Qh4 Ke8 49. Qh3 (49. Qh5 $142 Ra8 50. b4 Rd8 51. Kb3 Rdd7 52. Qe5+ Rde7 53. dxe7 Rxe7 54. Qf4) 49... Rdd7 50. a6 (50. Qh5 $142 Rd8 51. b4 Rdd7 52. Qe5+ Rde7 53. dxe7 Rxe7 54. Qf4 Re2+ 55. Kb3) 50... bxa6 51. Qg2 Rb7 52. Qxc6+ {White mates.} Kf8 53. Qc8+ Kg7 54. Qg4+ Kh6 55. c6 Rb5 56. Qh3+ Kg7 57. c7 {Weighted Error Value: White=0.22 (precise) /Black=0.72} 1-0

[Event "New York Spring IM-C 2022"]
[Site "New York"]
[Date "2022.04.16"]
[Round "3.2"]
[White "Chasin, Nico"]
[Black "Berczes, David"]
[Result "0-1"]
[ECO "E11"]
[WhiteElo "2270"]
[BlackElo "2452"]
[Annotator "TA"]
[PlyCount "160"]
[EventDate "2022.04.14"]
[EventType "tourn"]
[EventCountry "USA"]
[SourceTitle "playchess.com"]
[Source "ChessBase"]
[SourceQuality "1"]
[TimeControl "5400+30"]

1. d4 e6 2. Nf3 Nf6 3. c4 Bb4+ 4. Nbd2 O-O 5. a3 Be7 6. e4 d6 {[%emt 0:00:16][%cal Oe6e5] E11: Bogo-Indian.} 7. Bd3 Nfd7 (7... e5 $5) 8. b4 e5 {[%emt 0:00:26] White has an edge.} 9. Bb2 exd4 10. Nxd4 Bf6 {[%emt 0:02:05] [#]} 11. Qb3 $146 ({Predecessor:} 11. Qc2 Nc6 12. Nxc6 bxc6 13. O-O Bxb2 14. Qxb2 a5 15. Nb3 axb4 16. axb4 Rxa1 17. Qxa1 {½-½ (42) Georgiev,K (2564)-Tratar,M (2417) Terme Catez 2022}) 11... Nc6 12. Nc2 Bxb2 13. Qxb2 Nde5 (13... f5 $5) 14. Be2 f5 15. f4 {[%emt 0:06:19] Inhibits Qg5.} Ng6 16. O-O fxe4 17. g3 Bh3 18. Rf2 Qd7 (18... Re8 $14 19. Ne3 a6) 19. Nxe4 $16 Rae8 {[%emt 0:01:54] ...Nxf4 is the strong threat.} 20. Bf3 Bg4 21. Bg2 Bh3 22. Bf3 Bg4 $1 23. Bh1 Bf5 24. Re1 Kh8 25. Qc3 h6 26. Re3 a6 27. a4 Nce7 28. a5 Bg4 29. Re1 Nf5 30. Rd2 Nfh4 31. Nf2 (31. gxh4 Nxf4 32. h3 Bxh3 $14) 31... Rxe1+ 32. Nxe1 Qe6 (32... Qe7 $16 {was called for.} 33. Rd4 (33. Nc2 Bc8 $16) 33... Bh5) 33. Nc2 (33. Rd4 $1 $18 {is more deadly.}) 33... Re8 34. Be4 $2 {[%emt 0:02:00] [#]} (34. gxh4 Nxf4 35. Nxg4 Qxg4+ 36. Kf1 Nh3 $11) (34. Nxg4 $18 Qxg4 35. Rf2 (35. Bxb7 Nxf4 36. Ne3 Qg6 $19)) 34... Bf3 $2 {[%emt 0:00:17] [#]} 35. Nd4 Qf6 $40 {[%emt 0:00:07][%mdl 128] Black has some attack.} 36. Qe3 Nxf4 $2 37. Nxf3 $18 Nh3+ 38. Nxh3 $2 (38. Kf1 $18 Qa1+ 39. Ne1) 38... Rxe4 $11 {[%emt 0:00:15][%mdl 64] Remove Defender} 39. Qxe4 Nxf3+ 40. Kg2 Nxd2 41. Qe8+ (41. Qe2 $1 $11 {keeps the balance.} Nb3 42. Nf4) 41... Kh7 $17 42. Nf4 Qf5 43. Qe2 Ne4 44. Qd3 c6 {[%emt 0:01:09] Against b5. Hoping for ...g5.} 45. Qe3 (45. Kf3 $1 $15 Ng5+ 46. Ke3 Qxd3+ 47. Kxd3) 45... g5 46. Ne2 c5 (46... h5 $142 47. Nd4 Qe5) 47. bxc5 dxc5 48. Nc1 Nf6 {[%emt 0:00:14] &Nero is more active.} (48... g4 $17 49. Nd3 Kg8) 49. Nd3 $11 Qe4+ 50. Qf3 $1 g4 51. Qxe4+ Nxe4 {[%emt 0:00:01][%mdl 4096] Endgame KN-KN} 52. Ne5 ({White must play} 52. h3 $1 $11) 52... h5 $17 53. h3 Nd2 (53... gxh3+ $17 54. Kxh3 Kg7) 54. hxg4 $11 hxg4 55. Kf2 Nb3 56. Ke3 Nxa5 57. Kd3 b5 58. cxb5 axb5 59. Nxg4 Kg6 60. Ne5+ Kf5 61. Nd7 c4+ 62. Kc3 Ke6 63. Nb6 Kd6 {[%emt 0:00:30] Threatens to win with ...Kc6.} 64. Kb4 Kc6 65. Nc8 Kd5 {[%emt 0:00:30] Strongly threatening ...Nc6+.} 66. g4 $2 ({Wrong is} 66. Kxa5 $2 c3 67. Ne7+ Ke4 68. Kxb5 c2 $19) (66. Ne7+ $11 Ke4 67. g4) 66... Nc6+ $19 67. Kxb5 c3 {[%emt 0:00:30] Black mates.} 68. Nb6+ Ke4 69. Na4 c2 70. Nc3+ Kd3 71. Na2 Nd4+ 72. Kb4 Nf3 73. Kb3 Kd2 74. Kb2 Ng5 75. Nc1 Ne4 76. Nb3+ Kd1 77. Nc1 Kd2 78. Nb3+ Kd1 79. Nc1 Nc3 80. Nd3 Kd2 {[%emt 0:00:30] Both players deserved the win here.  Weighted Error Value: White=0.36/Black=0.38} 0-1